 Dungeon Crawl Stone Soup version 0.16-a0-4133-g472b14a (webtiles) character file.

231472 Kaesh the Tortoise (level 18, -11/168 HPs)
             Began as a Minotaur Berserker on Mar 1, 2015.
             Was the Champion of Trog.
             Killed from afar by a deep elf sorcerer (12 damage)
             ... with a blast of hellfire
             ... on level 3 of the Elven Halls on Mar 3, 2015.
             The game lasted 07:23:54 (53636 turns).

Kaesh the Tortoise (Minotaur Berserker)            Turns: 53636, Time: 07:23:54

Health: -11/168    AC: 29    Str: 26    XL:     18   Next: 79%
Magic:  3/3        EV:  8    Int:  5    God:    Trog [******]
Gold:   2703       SH: 25    Dex: 15    Spells: 0 memorised, 17 levels left

rFire  + + .     SeeInvis +     A - +4 demon blade (antimagic)
rCold  + . .     Clarity  .     R - +5 gold dragon armour
rNeg   . . .     SustAb   .     y - +2 large shield
rPois  +         Gourm    .     b - +1 hat
rElec  .         Spirit   .     T - +0 cloak {MR+}
rCorr  .         Warding  .     Y - +1 pair of gloves {archery}
rMut   .         Stasis   .     J - +0 pair of boots
MR     +++..                    O - amulet of faith
Stlth  ..........               U - ring of protection from magic
                                V - ring of Buzysug {rPois rF+ SInv Stlth-}

@: lethally poisoned (-11 -> -11), exhausted, corroded equipment, slowed,
drained, very slow, extremely resistant to hostile enchantments, extremely
unstealthy
A: retaliatory headbutt, horns 2, agile 1, mutation resistance 1, screaming 1
a: Burn Spellbooks, Berserk, Trog's Hand, Brothers in Arms, Renounce Religion
}: 1/15 runes: serpentine


You were on level 3 of the Elven Halls.
You worshipped Trog.
Trog was exalted by your worship.
You were very hungry.

You visited 5 branches of the dungeon, and saw 35 of its levels.
You visited 1 bazaar.
You also visited: Labyrinth, Bailey and Ice Cave.

You collected 4103 gold pieces.
You spent 1400 gold pieces at shops.

Inventory:

Hand weapons
 e - a +7 falchion of holy wrath
 q - a +2 scimitar of flaming
 A - a +4 antimagic demon blade (weapon)
 C - the +6 falchion "Shoocyefy" {slice, Int+2}
   (Trog gifted it to you on level 4 of the Snake Pit)

   It inflicts extra damage upon your enemies.
   It affects your intelligence (+2).
 I - a +3 long sword of freezing
 S - the +9 scimitar of Leur {venom, rElec rPois Int-2}
   (Trog gifted it to you on level 2 of the Snake Pit)

   It poisons the flesh of those it strikes.
   It affects your intelligence (-2).
   It insulates you from electricity.
   It protects you from poison.
Armour
 b - a +1 hat (worn)
 i - the +3 cloak of Amelioration {rElec Regen+ Stlth+}
   (You acquired it on level 3 of the Snake Pit)

   It insulates you from electricity.
   It increases your rate of regeneration.
   It makes you more stealthy.
 y - a +2 large shield (worn)
 J - a +0 pair of boots (worn)
 N - a +1 buckler of cold resistance
 R - a +5 gold dragon armour (worn)
 T - a +0 cloak of magic resistance (worn)
 Y - a +1 pair of gloves of archery (worn)
Jewellery
 f - an uncursed amulet of resist mutation
 u - an uncursed amulet of clarity {unknown}
 w - an uncursed ring of ice
 O - an amulet of faith (around neck)
 P - a +4 ring of strength
 U - a ring of protection from magic (right hand)
 V - the ring of Buzysug (left hand) {rPois rF+ SInv Stlth-}
   (You found it on level 4 of the Lair of Beasts)

   [ring of loudness]

   It protects you from fire.
   It protects you from poison.
   It enhances your eyesight.
   It makes you less stealthy.
 Z - the cursed necklace of Bloodlust {*Rage +Rage MR+ Str+2 Int-2 Slay+3 Curse}
   (You found it in an ice cave)

   [amulet of rage]

   It affects your strength (+2).
   It affects your intelligence (-2).
   It affects your accuracy and damage with ranged weapons and melee attacks
   (+3).
   It affects your resistance to hostile enchantments.
   It lets you go berserk.
   It may make you go berserk in combat.
   It may re-curse itself when equipped.
   It has a curse placed upon it.
Magical devices
 d - a wand of teleportation (3)
 k - a wand of polymorph (4)
 z - a wand of fireball (5)
 D - a wand of random effects (22)
 K - a wand of fire (6)
Scrolls
 g - 10 scrolls of remove curse
 h - 14 scrolls of identify
 j - 13 scrolls of enchant weapon
 p - 4 scrolls of magic mapping
 r - 6 scrolls of blinking
 s - a scroll of summoning
 x - 4 scrolls of recharging
 B - 7 scrolls of teleportation
 E - a scroll of fog
 F - 4 scrolls of enchant armour
Potions
 a - a potion of might
 l - 2 potions of haste
 m - 5 potions of brilliance
 n - 3 potions of flight
 o - 7 potions of curing
 G - 6 potions of restore abilities
 H - 4 potions of agility
 Q - 4 potions of heal wounds
 W - 5 potions of cancellation
 X - a potion of resistance
Comestibles
 c - 12 bread rations
 t - 17 meat rations
 v - 8 chunks of flesh
 L - 2 beef jerkies
 M - 12 fruits


   Skills:
 - Level 16.9(15.7) Fighting
 - Level 19.0(17.6) Long Blades
 + Level 20.4(19.1) Armour
 - Level 7.5(6.5) Dodging
 - Level 2.8(1.9) Stealth
 + Level 20.4(19.0) Shields
 - Level 0.8(0.0) Evocations


You had 17 spell levels left.
You didn't know any spells.

Dungeon Overview and Level Annotations

Branches:
Dungeon (15/15)            Temple (0/1) D:6            Lair (8/8) D:11
  Snake (5/5) Lair:3        Slime (0/6) Lair:8          Orc (4/4) D:11
    Elf (3/3) Orc:3        Vaults (0/5) D:13         Depths (0/5) D:15
  Swamp: Lair:3-6    Shoals: Lair:3-6

Altars:
Cheibriados
Dithmenos
Kikubaaqudgha
Makhleb
Okawaru
Trog
Yredelemnul
Zin
The Shining One
Beogh
Jiyva

Shops:
D:7 %   D:10 :(:(}   D:13 [[!}   Orc:4 ([*:   Elf:2 (   Snake:3 ?*   Snake:4 !


Innate Abilities, Weirdness & Mutations

You reflexively headbutt those who attack you in melee.
You have a pair of horns on your head.
You are agile. (Dex +2)
You are somewhat resistant to further mutation.
You occasionally shout uncontrollably at your foes.


Message History

Your headbutt misses the deep elf annihilator.
The deep elf annihilator is almost dead.
You block the blue devil's attack.
The deep elf sorcerer casts a spell.
The Executioner gestures.
The Executioner seems to speed up.
You block the deep elf annihilator's attack.
The lorocyproca gives a chilling moan.
You slash the deep elf annihilator!
You kill the deep elf annihilator!
Trog accepts your kill.
Trog appreciates your killing of a magic user.
Something appears at your feet! Trog grants you a gift!
* * * LOW HITPOINT WARNING * * *
You feel sick.
The deep elf sorcerer hits you but does no damage.
The blue devil hits you but does no damage.
The deep elf sorcerer casts a spell at you.
The hellfire explodes!
The blast of hellfire engulfs you!
You die...

##.e.#
##e82##
##e.4..## +#
##.......##
.##
##4.3......##
..##
#P8..4....8.#
...#
##.e1......##
...#
##)......##
...#
##@.....##
..'##
##.##.8.##
.##.##
##.####.##
####.#####
##.## ###
##.######.##
##'.#.#'##
##..#<.##
#...#...#
##..#..##


You could see a lorocyproca (invisible), an Executioner, a deep elf sorcerer, 2
deep elf demonologists, a rust devil, a smoke demon, a blue devil and a red
devil.

Vanquished Creatures
  Asterion (Snake:2)
  Rupert (Lair:5)
  Frances (Snake:1)
  Roxanne (Snake:2)
  8 greater nagas
  Wiglaf (Snake:2)
  Aizul (Snake:3)
  A deep elf sorcerer (Elf:1)
  An orc warlord (Orc:4)
  Gastronok (D:9)
  2 deep elf demonologists
  2 rakshasas (D:15)
  A stone giant (Orc:4)
  A white draconian (IceCv)
  2 deep elf annihilators
  An ettin (Orc:4)
  2 deep elf death magi
  Snorg (Lair:7)
  A minotaur (Lab)
  Josephine (D:13)
  Fannar (D:10)
  23 naga warriors
  3 hydras
  14 anacondas
  Erica (D:13)
  An ogre mage (D:13)
  6 centaur warriors
  13 dancing weapons (Elf:2)
  10 death yaks
  4 orc high priests (Orc:4)
  7 shock serpents
  2 tengu warriors
  13 naga sharpshooters
  4 catoblepae
  Nergalle (Orc:3)
  12 deep elf knights
  A spriggan (Lair:8)
  A skeletal warrior (D:13)
  3 salamander mystics
  A giant orange brain (shapeshifter) (Elf:1)
  11 sea snakes
  An unseen horror (D:11)
  Erolcha (D:13)
  An ice statue (IceCv)
  10 deep elf summoners
  4 orc knights
  7 hill giants
  3 naga ritualists
  7 deep elf conjurers
  A wolf spider zombie (D:12)
  4 ugly things
  8 mana vipers
  2 manticores
  A lindwurm (Lair:8)
  2 griffons
  A cyclops (shapeshifter) (Elf:2)
  11 slime creatures
  4 orc sorcerers (Orc:4)
  13 salamanders
  5 elephants (Lair:8)
  5 cyclopes
  11 guardian serpents
  A rust devil (Orc:4)
  37 black mambas
  Maurice (Orc:4)
  A sixfirhy (D:12)
  Joseph (Orc:4)
  4 centaur zombies
  4 gargoyles
  18 spiny frogs
  A spiny frog (shapeshifter) (D:15)
  7 komodo dragons
  24 naga magi
  A yaktaur (shapeshifter) (D:15)
  5 fire drakes
  5 kobold demonologists
  8 deep elf priests
  An efreet (D:14)
  2 yaktaurs (D:13)
  2 wandering mushrooms
  5 two-headed ogres
  16 polar bears
  A queen bee (D:9)
  5 trolls
  Grinder (D:5)
  A boulder beetle (Lair:5)
  4 ravens
  5 basilisks
  8 blink frogs
  A shadow (D:14)
  A trapdoor spider (shapeshifter) (D:15)
  5 trapdoor spiders
  A tarantella (Elf:1)
  4 wraiths
  19 deep elf fighters
  3 hogs (D:8)
  63 yaks
  23 deep elf magi
  2 steam dragons
  12 hippogriffs
  28 water moccasins
  A hungry ghost (D:7)
  88 nagas
  5 vampire mosquitoes
  3 wargs
  4 swamp worms (Lair:6)
  45 orc warriors
  A soldier ant (D:15)
  16 wolves
  8 sky beasts
  10 porcupines
  5 ice beasts
  9 black bears
  2 eyes of draining
  A necrophage (D:9)
  15 ogres
  2 boring beetles
  4 phantoms
  7 centaurs
  15 crocodiles
  2 wasps
  Duvessa (D:8)
  5 boggarts
  7 big kobolds
  15 giant frogs
  A wyvern zombie (D:14)
  5 scorpions
  24 killer bees
  4 goliath beetles
  14 wights
  2 electric eels
  9 crimson imps
  9 hounds
  Dowan (D:8)
  3 giant frog zombies (D:12)
  7 centaur skeletons
  19 jellies
  2 wasp zombies
  4 giant frog skeletons
  27 orc priests
  49 orc wizards
  4 iguanas
  Natasha (thrice) (D:3)
  13 worker ants
  29 sheep
  Jessica (D:3)
  A human skeleton (Orc:4)
  A worker ant zombie (D:6)
  5 gnolls
  29 adders
  41 river rats
  A white imp (D:3)
  A shadow imp (D:6)
  3 giant mites
  A worm (D:3)
  2 giant geckos
  16 oozes
  235 orcs
  2 bat skeletons
  3 bat zombies
  5 giant cockroaches
  12 hobgoblins
  2 jackals (D:2)
  10 quokkas
  15 bats
  2 giant gecko zombies (D:7)
  7 giant newts
  28 goblins
  28 kobolds
  10 orc skeletons (Orc:4)
  An orc zombie (Orc:4)
  A quokka skeleton (D:5)
  12 rats
  8 ballistomycetes
  A bush (Lair:5)
  4 fungi
  2 plants
1586 creatures vanquished.

Vanquished Creatures (others)
  A lost soul (Elf:3)
  2 giant spores
  5 fungi (Lair:8)
  4 plants
12 creatures vanquished.

Grand Total: 1598 creatures vanquished

Notes
Turn   | Place    | Note
--------------------------------------------------------------
     0 | D:1      | Kaesh, the Minotaur Berserker, began the quest for the Orb.
     0 | D:1      | Reached XP level 1. HP: 19/19 MP: 1/1
   398 | D:1      | Reached XP level 2. HP: 21/27 MP: 1/1
   595 | D:1      | You fall through a shaft!
   637 | D:2      | Acquired Trog's second power
   637 | D:2      | Reached skill level 4 in Long Blades
   975 | D:2      | Reached XP level 3. HP: 33/33 MP: 2/2
  1698 | D:3      | Reached XP level 4. HP: 40/40 MP: 2/2
  1877 | D:3      | Noticed Natasha
  1898 | D:3      | Killed Natasha
  1898 | D:3      | Reached XP level 5. HP: 43/47 MP: 2/2
  2176 | D:3      | Noticed Jessica
  2185 | D:3      | Killed Jessica
  2271 | D:3      | Reached skill level 5 in Long Blades
  2458 | D:3      | Noticed Natasha
  2464 | D:3      | Killed Natasha
  2468 | D:3      | Noticed Natasha
  2473 | D:3      | Killed Natasha
  2548 | D:3      | Found a shadowy altar of Dithmenos.
  3027 | D:4      | Reached XP level 6. HP: 44/55 MP: 3/3
  3371 | D:4      | Reached skill level 5 in Fighting
  3371 | D:4      | Reached skill level 1 in Stealth
  3449 | D:4      | Reached skill level 5 in Armour
  3689 | D:4      | Reached XP level 7. HP: 58/61 MP: 3/3
  3772 | D:4      | Noticed an ogre
  3775 | D:4      | Killed an ogre
  3775 | D:4      | Acquired Trog's third power
  4093 | D:4      | Reached skill level 6 in Long Blades
  4306 | D:5      | Entered Level 5 of the Dungeon
  4583 | D:5      | Reached skill level 5 in Dodging
  4599 | D:5      | Noticed Grinder
  4623 | D:5      | Paralysed by Grinder for 6 turns
  4650 | D:5      | Killed Grinder
  4650 | D:5      | Reached XP level 8. HP: 68/70 MP: 3/3
  4689 | D:5      | Reached skill level 7 in Armour
  4786 | D:5      | Found an iron altar of Okawaru.
  5006 | D:5      | Found Ufialal's General Store.
  5418 | D:6      | Reached skill level 1 in Shields
  5569 | D:6      | Reached skill level 8 in Armour
  5746 | D:6      | Found a glowing golden altar of the Shining One.
  5748 | D:6      | Noticed an angel
  5757 | D:6      | Found a basalt altar of Yredelemnul.
  5758 | D:6      | Noticed a profane servitor
  5952 | D:6      | Found a snail-covered altar of Cheibriados.
  6158 | D:6      | Found a staircase to the Ecumenical Temple.
  6449 | D:7      | Found Yhautak's Food Shoppe.
  6710 | D:7      | Reached XP level 9. HP: 54/78 MP: 4/4
  7171 | D:7      | Reached skill level 9 in Armour
  7939 | D:8      | Noticed Dowan
  7951 | D:8      | Killed Dowan
  8076 | D:8      | Found a huge runed gate.
  8076 | D:8      | Found a huge runed gate.
  8076 | D:8      | Found a huge runed gate.
  8076 | D:8      | Found a huge runed gate.
  8128 | D:8      | Noticed a griffon
  8370 | D:8      | Noticed Duvessa
  8382 | D:8      | HP: 3/81 [Duvessa/rapier (8)]
  8387 | D:8      | Killed Duvessa
  8996 | D:9      | Reached skill level 10 in Armour
  9035 | D:10     | Entered Level 10 of the Dungeon
  9255 | D:10     | Noticed a guardian serpent
  9266 | D:10     | Killed a guardian serpent
  9266 | D:10     | Reached XP level 10. HP: 85/90 MP: 4/4
  9551 | D:10     | Found Lileog's Weapon Shoppe.
  9627 | D:10     | Found a flagged portal.
  9643 | Bailey   | Entered a bailey
  9907 | Bailey   | Found a burning altar of Makhleb.
 10239 | D:9      | Reached skill level 11 in Armour
 10511 | D:9      | Reached skill level 10 in Long Blades
 10636 | D:9      | Noticed Gastronok
 11033 | D:9      | Found an ancient bone altar of Kikubaaqudgha.
 11033 | D:9      | Found a bloodstained altar of Trog.
 11035 | D:9      | Found a glowing silver altar of Zin.
 11140 | D:9      | Noticed a catoblepas
 11181 | D:9      | Killed a catoblepas
 11570 | D:10     | Found Ekiokhy's Gadget Emporium.
 11694 | D:10     | Noticed a hill giant
 11701 | D:10     | Killed a hill giant
 11793 | D:10     | Reached skill level 12 in Armour
 11883 | D:10     | Found Loechu's Book Shop.
 11910 | D:10     | Received a gift from Trog
 11943 | D:10     | Reached XP level 11. HP: 87/99 MP: 4/4
 11979 | D:10     | Noticed Fannar
 11995 | D:10     | Killed Fannar
 12462 | D:10     | Found Twuupnat's Book Shoppe.
 12484 | D:10     | Found Khapt's Antique Weapon Emporium.
 12649 | D:10     | Noticed a centaur zombie
 12660 | D:10     | Killed a centaur zombie
 13022 | D:11     | Found a staircase to the Orcish Mines.
 13068 | D:11     | Reached skill level 10 in Fighting
 13111 | D:11     | Noticed a hill giant
 13117 | D:11     | Killed a hill giant
 13147 | D:11     | Killed an unseen horror
 13469 | D:11     | Found a staircase to the Lair.
 13514 | D:11     | Found a runed door.
 13854 | D:11     | Noticed a hill giant
 13861 | D:11     | Killed a hill giant
 14445 | D:12     | Reached skill level 13 in Armour
 14650 | D:12     | Reached skill level 5 in Shields
 15018 | D:12     | Reached XP level 12. HP: 94/110 MP: 5/5
 15220 | D:12     | Noticed a seven-headed hydra
 15244 | D:12     | Received a gift from Trog
 15786 | D:12     | Upgraded the game from 0.16-a0-4113-g7d8e295 to 0.16-a0-4123-g49b462e
 15907 | Lair:1   | Entered Level 1 of the Lair of Beasts
 17210 | Lair:2   | Received a gift from Trog
 18172 | Lair:3   | Noticed an eight-headed hydra
 18261 | Lair:3   | Found a labyrinth entrance.
 18270 | Lab      | Entered a labyrinth
 20384 | Lab      | Noticed a minotaur
 20390 | Lab      | Killed a minotaur
 20390 | Lab      | Reached skill level 14 in Long Blades
 20449 | Lab      | Identified Sif Muna's Handbook of the Mountains and Transmutation
 20901 | D:9      | Killed Gastronok
 21316 | Lair:3   | Found a staircase to the Snake Pit.
 21954 | Lair:3   | Killed an eight-headed hydra
 22059 | Lair:4   | Received a gift from Trog
 22512 | Lair:4   | Got a sparkling amber ring
 22514 | Lair:4   | Identified the ring of Buzysug {rPois rF+ SInv Stlth-} (You found it on level 4 of the Lair of Beasts)
 22679 | Lair:4   | Reached XP level 13. HP: 119/119 MP: 5/5
 22902 | Lair:5   | Noticed Rupert
 22924 | Lair:5   | Killed Rupert
 23058 | Lair:5   | Found a hole to the Spider Nest.
 23887 | Lair:5   | Reached skill level 15 in Long Blades
 24671 | Lair:6   | Received a gift from Trog
 25274 | Lair:7   | Reached skill level 15 in Armour
 25540 | Lair:7   | Noticed Snorg
 25550 | Lair:7   | Killed Snorg
 25575 | Lair:7   | Found a frozen archway.
 25608 | IceCv    | Entered an ice cave
 26145 | IceCv    | Received a gift from Trog
 26208 | IceCv    | Reached skill level 16 in Long Blades
 26257 | IceCv    | Noticed a white draconian
 26283 | IceCv    | Reached XP level 14. HP: 123/132 MP: 6/6
 26313 | IceCv    | Killed a white draconian
 27327 | Lair:7   | Gained mutation: You occasionally shout uncontrollably at your foes. [potion of mutation]
 27327 | Lair:7   | Gained mutation: You are agile. (Dex +2) [potion of mutation]
 27327 | Lair:7   | Gained mutation: You are somewhat resistant to further mutation. [potion of mutation]
 27479 | Lair:8   | Entered Level 8 of the Lair of Beasts
 27675 | Lair:8   | Received a gift from Trog
 27895 | Lair:8   | Found a viscous altar of Jiyva.
 27896 | Lair:8   | Found a staircase to the Slime Pits.
 28610 | Lair:8   | Reached skill level 17 in Long Blades
 28711 | Lair:8   | Reached skill level 15 in Fighting
 29306 | Lair:8   | Received a gift from Trog
 31331 | D:8      | Killed a griffon
 31613 | Lair:3   | Received a gift from Trog
 32015 | D:12     | Reached skill level 10 in Shields
 32214 | D:12     | Killed a seven-headed hydra
 32441 | D:13     | Reached XP level 15. HP: 116/141 MP: 2/8
 32475 | D:13     | Noticed an ogre mage
 32481 | D:13     | Killed an ogre mage
 32772 | D:13     | Found Rola's Distillery.
 32854 | D:13     | Noticed Erica
 32855 | D:13     | Noticed Erolcha
 32868 | D:13     | Killed Erica
 32870 | D:13     | Killed Erolcha
 32966 | D:13     | Noticed Josephine
 32969 | D:13     | Noticed a centaur warrior
 32991 | D:13     | Killed Josephine
 33004 | D:13     | Received a gift from Trog
 33025 | D:13     | Killed a centaur warrior
 33068 | D:13     | Noticed a four-headed hydra
 33070 | D:13     | Noticed a centaur warrior
 33096 | D:13     | Killed a two-headed hydra
 33112 | D:13     | Killed a centaur warrior
 33312 | D:13     | Noticed a centaur warrior
 33318 | D:13     | Killed a centaur warrior
 33353 | D:13     | Got a faintly humming robe
 33364 | D:13     | Identified the +0 robe of the Gusle {rElec rCorr Str+4} (You found it on level 13 of the Dungeon)
 33450 | D:13     | Found Derid's Antique Armour Emporium.
 33456 | D:13     | Bought a pair of runed gloves for 126 gold pieces
 33492 | D:13     | Found Ylival's Armour Shop.
 33525 | D:13     | Found a gate to the Vaults.
 33654 | D:13     | Found Lacreil's Gadget Shop.
 34084 | D:14     | Received a gift from Trog
 34472 | D:14     | Upgraded the game from 0.16-a0-4123-g49b462e to 0.16-a0-4133-g472b14a
 34637 | Orc:1    | Entered Level 1 of the Orcish Mines
 34930 | Orc:1    | Received a gift from Trog
 35041 | Orc:1    | Received a gift from Trog
 35420 | Orc:3    | Found a staircase to the Elven Halls.
 36018 | Orc:2    | Found a roughly hewn altar of Beogh.
 36401 | Orc:4    | Entered Level 4 of the Orcish Mines
 36405 | Orc:4    | Received a gift from Trog
 36447 | Orc:4    | Found a burning altar of Makhleb.
 36876 | Orc:4    | Noticed Joseph
 36890 | Orc:4    | Killed Joseph
 36989 | Orc:4    | Noticed Maurice
 36996 | Orc:4    | Killed Maurice
 37024 | Orc:4    | Received a gift from Trog
 37533 | Orc:4    | Reached skill level 15 in Shields
 38001 | Orc:4    | Received a gift from Trog
 38386 | Orc:4    | Found Xalyh's General Store.
 38387 | Orc:4    | Found Tuxerad's Book Emporium.
 38388 | Orc:4    | Found Ecaac's Antique Armour Shoppe.
 38388 | Orc:4    | Found Mymayhik's Antique Weapon Shoppe.
 38612 | Orc:4    | Received a gift from Trog
 38613 | Orc:4    | Got an ichor-stained long sword {god gift}
 38614 | Orc:4    | Identified the -1 long sword "Bung" {slice, rPois Int+4 Stlth-} (Trog gifted it to you on level 4 of the Orcish Mines)
 38688 | Orc:4    | Bought a pair of glowing gloves for 130 gold pieces
 38796 | Orc:3    | Noticed Nergalle
 38841 | Orc:3    | Killed Nergalle
 39343 | D:15     | Entered Level 15 of the Dungeon
 39523 | D:15     | Received a gift from Trog
 39620 | D:15     | Reached XP level 16. HP: 143/149 MP: 8/8
 40188 | D:15     | Found a staircase to the Depths.
 40549 | Snake:1  | Entered Level 1 of the Snake Pit
 40575 | Snake:1  | Received a gift from Trog
 40749 | Snake:1  | Noticed Frances
 40768 | Snake:1  | Killed Frances
 41882 | Snake:2  | Noticed Wiglaf
 41905 | Snake:2  | Killed Wiglaf
 42251 | Snake:2  | Got a slimy ring mail
 42262 | Snake:2  | Identified the +3 ring mail of Nobility {-Cast +Fly rN+ Str-3 SInv} (You found it on level 2 of the Snake Pit)
 42297 | Snake:2  | Noticed Roxanne
 42311 | Snake:2  | Killed Roxanne
 42311 | Snake:2  | Reached skill level 18 in Long Blades
 42706 | Snake:2  | Received a gift from Trog
 42707 | Snake:2  | Got a slimy scimitar {god gift}
 42708 | Snake:2  | Identified the +9 scimitar of Leur {venom, rElec rPois Int-2} (Trog gifted it to you on level 2 of the Snake Pit)
 43508 | Snake:2  | Noticed Asterion
 43526 | Snake:2  | Killed Asterion
 43908 | Snake:3  | Noticed Aizul
 43927 | Snake:3  | Killed Aizul
 44080 | Snake:3  | Received a gift from Trog
 44149 | Snake:3  | Found Iridwibi's Magic Scroll Emporium.
 44253 | Snake:3  | Found a flickering gateway to a bazaar.
 44267 | Bazaar   | Entered a bazaar
 44271 | Bazaar   | Found Venlif's Jewellery Shoppe.
 44277 | Bazaar   | Found Trogyups' Food Shoppe.
 44302 | Bazaar   | Found Thrur's Weapon Emporium.
 44305 | Bazaar   | Found Kuis' Food Shop.
 44321 | Bazaar   | Found Konasiack's General Store.
 44351 | Bazaar   | Bought an uncursed amulet of resist mutation for 360 gold pieces
 45527 | Snake:3  | Found Cositt's General Store.
 45534 | Snake:3  | Identified a scroll of acquirement
 45541 | Snake:3  | Got a crude cloak
 45552 | Snake:3  | Identified the +3 cloak of Amelioration {rElec Regen+ Stlth+} (You acquired it on level 3 of the Snake Pit)
 45580 | Snake:3  | Reached XP level 17. HP: 159/159 MP: 2/8
 45957 | Snake:4  | Found Yrima's Distillery.
 46155 | Snake:3  | Received a gift from Trog
 46368 | Snake:4  | Received a gift from Trog
 46716 | Snake:4  | Got a jewelled falchion {god gift}
 46717 | Snake:4  | Identified the +6 falchion "Shoocyefy" {slice, Int+2} (Trog gifted it to you on level 4 of the Snake Pit)
 47019 | Snake:4  | Reached skill level 19 in Long Blades
 47654 | Snake:5  | Entered Level 5 of the Snake Pit
 48029 | Snake:5  | Received a gift from Trog
 48790 | Snake:5  | Received a gift from Trog
 49119 | Snake:5  | Reached XP level 18. HP: 168/168 MP: 3/9
 49456 | Snake:5  | Received a gift from Trog
 49530 | Snake:5  | Got a serpentine rune of Zot
 50168 | D:13     | Bought a transparent plate armour for 784 gold pieces
 50178 | D:13     | Identified the +10 plate armour "Clearexi" {Int-3 Dex+4} (You bought it in a shop on level 13 of the Dungeon)
 51094 | Elf:1    | Entered Level 1 of the Elven Halls
 51930 | Elf:1    | Received a gift from Trog
 52254 | Elf:2    | Found a runed gate.
 52369 | Elf:2    | Found a runed gate.
 52370 | Elf:2    | Found a runed gate.
 52388 | Elf:2    | Found Jaomn's Antique Weapon Shoppe.
 52632 | Elf:2    | Received a gift from Trog
 52724 | Elf:2    | Reached skill level 20 in Armour
 53469 | Elf:3    | Entered Level 3 of the Elven Halls
 53633 | Elf:3    | HP: 1/168 [smoke demon/divine providence[a deep elf demonologist] (12)]
 53635 | Elf:3    | Received a gift from Trog
 53636 | Elf:3    | Killed from afar by a deep elf sorcerer

Action                   |  1- 3 |  4- 6 |  7- 9 | 10-12 | 13-15 | 16-18 || total
-------------------------+-------+-------+-------+-------+-------+-------++-------
Melee: Falchion          |    78 |   151 |   425 |   248 |   367 |    83 ||  1352
       Great sword       |       |       |       |   157 |       |       ||   157
       Double sword      |       |       |       |   450 |   722 |   240 ||  1412
       Scimitar          |       |       |       |       |   538 |   244 ||   782
       Demon blade       |       |       |       |       |   438 |  1524 ||  1962
Invok: Berserk           |     1 |     1 |     5 |    11 |     9 |    12 ||    39
       Trog's Hand       |       |       |     1 |       |       |       ||     1
       Burn Spellbooks   |       |       |       |     7 |     3 |     5 ||    15
Evoke: Wand              |       |       |       |     5 |    13 |     1 ||    19
  Use: Potion            |       |     9 |     4 |     5 |     2 |     1 ||    21
       Scroll            |       |     1 |       |    23 |    14 |     4 ||    42
 Stab: Fleeing           |       |       |       |       |     2 |       ||     2
  Eat: Chunk             |     3 |     7 |    10 |    20 |    45 |    42 ||   127
       Fruit             |       |     2 |    14 |    11 |    17 |    11 ||    55
       Royal jelly       |       |       |       |     7 |       |       ||     7
       Beef jerky        |       |       |       |     2 |     1 |     1 ||     4
       Pizza             |       |       |       |     4 |     1 |       ||     5
       Bread ration      |       |       |       |     1 |       |     1 ||     2
